 Dungeon Crawl Stone Soup version 0.21-a0-450-gd87a9b2 (webtiles) character file.

4388 slep the Poker (level 10, -6/76 HPs)
             Began as a Demonspawn Monk on Nov 20, 2017.
             Was an Elder of Okawaru.
             Mangled by a two-headed ogre
             ... wielding a +0 giant club
              (14 damage)
             ... on level 8 of the Dungeon.
             The game lasted 00:40:26 (7608 turns).

slep the Poker (Demonspawn Monk)                    Turns: 7608, Time: 00:40:27

Health: -6/76      AC: 16    Str: 14    XL:     10   Next: 13%
Magic:  19/19      EV: 13    Int: 21    God:    Okawaru [****..]
Gold:   465        SH:  0    Dex: 17    Spells: 9/9 levels left

rFire    + . .     SeeInvis .   X - +6 mace
rCold    . . .     Gourm    .   (no shield)
rNeg     . . .     Faith    .   A - +1 ring mail
rPois    .         Spirit   .   G - +4 helmet "Exzyoj" {*Drain rElec MP+9 Int+10}
rElec    +         Reflect  .   Z - scarf {repulsion}
rCorr    .         Harm     .   L - +0 pair of gloves
MR       +....                  N - +2 pair of boots
Stlth    ++++++....             (no amulet)
HPRegen  0.22/turn              Y - ring of protection from magic
MPRegen  0.16/turn              h - ring of protection from fire

@: repel missiles
A: talons 2, nightstalker 3, spiny 1
a: Heroism, Renounce Religion


You were on level 8 of the Dungeon.
You worshipped Okawaru.
Okawaru was greatly pleased with you.
You were not hungry.

You visited 2 branches of the dungeon, and saw 9 of its levels.

You collected 465 gold pieces.

Inventory:

Hand Weapons
 g - a +2 whip of flaming
 k - a +3 shortbow
 T - the +0 battleaxe of Neapegam {elec, rElec rC+ Dex+2 Stlth+}
   (You found it on level 6 of the Dungeon)

   Occasionally, upon striking a foe, it will discharge some electrical energy
   and cause terrible harm.
   It affects your dexterity (+2).
   It protects you from cold.
   It insulates you from electricity.
   It makes you more stealthy.
 X - a +6 mace (weapon)
Missiles
 b - 2 javelins
 B - 5 silver tomahawks (quivered)
 J - 6 poisoned needles
 U - 3 tomahawks
Armour
 A - a +1 ring mail (worn)
 G - the +4 helmet "Exzyoj" (worn) {*Drain rElec MP+9 Int+10}
   (You took it off Robin on level 4 of the Dungeon)

   It affects your intelligence (+10).
   It insulates you from electricity.
   It affects your magic capacity (+9).
   It causes draining when unequipped.
 L - a +0 pair of gloves (worn)
 N - a +2 pair of boots (worn)
 Z - a scarf of repulsion (worn)
Jewellery
 h - a ring of protection from fire (right hand)
 q - an uncursed ring of positive energy
 K - a +4 ring of evasion
 Y - a ring of protection from magic (left hand)
Wands
 a - a wand of polymorph (12/24)
 n - a wand of iceblast (8/15)
 V - a wand of disintegration (16/24)
Scrolls
 d - 2 scrolls of amnesia
 e - 9 scrolls of identify
 j - 6 scrolls of teleportation
 l - 2 scrolls of magic mapping
 o - 3 scrolls of recharging {unknown}
 t - 3 scrolls of enchant weapon {unknown}
 y - a scroll of random uselessness {unknown}
 z - a scroll of fog {unknown}
 M - a scroll of fear {unknown}
 Q - a scroll of blinking {unknown}
 S - 2 scrolls of noise {unknown}
Potions
 f - 8 potions of curing
 m - 2 potions of brilliance
 s - a potion of cancellation {unknown}
 u - 2 potions of might {unknown}
 v - 3 potions of lignification {unknown}
 w - a potion of flight
 x - a potion of berserk rage {unknown}
 F - 3 potions of mutation {unknown}
 I - 2 potions of heal wounds {unknown}
 R - a potion of ambrosia {unknown}
Comestibles
 c - 4 bread rations
 i - 5 meat rations
 p - a fruit
 r - 6 royal jellies
 C - a chunk of flesh


   Skills:
 + Level 6.0 Fighting
   Level 4.2 Long Blades
 + Level 4.8(6.6) Axes
 + Level 1.0(3.1) Maces & Flails
   Level 6.9(7.6) Polearms
 + Level 0.1 Throwing
 + Level 4.5 Armour
 + Level 5.1 Dodging
 + Level 6.4 Stealth


You had 9 spell levels left.
You didn't know any spells.

Dungeon Overview and Level Annotations

Branches:
Dungeon (8/15)             Temple (1/1) D:5
   Lair: D:8-11

Altars:
Ashenzari
Cheibriados
Dithmenos
Elyvilon
Fedhas
Gozag
Kikubaaqudgha
Makhleb
Nemelex Xobeh
Okawaru
Qazlal
Ru
Sif Muna
Trog
Vehumet
Wu Jian
Xom
Yredelemnul
Zin
The Shining One

Shops:
D:4 *   D:7 (

Annotations:
D:3 Grinder


Innate Abilities, Weirdness & Mutations

You have razor-sharp toenails.
You are completely attuned to the shadows.
You are partially covered in sharp spines.


Message History

The mass of ice explodes!
The iceblast engulfs the two-headed ogre.
The two-headed ogre is lightly wounded.
The iceblast engulfs the two-headed ogre.
The two-headed ogre is heavily wounded.
Evoking this partially-identified wand wasted a few charges.
You hear an angry growl.
You sock the two-headed ogre!
The two-headed ogre is moderately wounded.
The howler monkey hoots and howls with incredible vigour!
The two-headed ogre hits you with a giant club!
The two-headed ogre hits you with a giant club.
You sock the two-headed ogre!
The two-headed ogre is heavily wounded.
The two-headed ogre hits you with a giant club!
The two-headed ogre hits you with a giant club!!
* * * LOW HITPOINT WARNING * * *
A jelly comes into view.
The two-headed ogre hits you with a giant club!
You die...

##.# #.##.###............, ...#
##.##.##............., ..##
####....................,
#.#######.....##.##.)...........,
#.........##.###.##)............,
..>..######..#.....)............,
####..## *.##.#.#..............,
.####..# ##.##.#.#........#.....*
..####.###.....#@...############*
#..###.##...,#.O....#
##...#.....###.Oh####
###.....#...J...#
####...#h...##.#.#**********
#....#.........#...,,,,<,,,*
........†#.......###******,*
#..#.#..##.####..# ****,,,*
..†.....##.# *#.#***,,,,***


You could see 2 two-headed ogres, a howler monkey and a jelly.

Vanquished Creatures
  Pikel (D:4)
  A spriggan (D:8)
  A hungry ghost (D:7)
  Menkaure (D:7)
  Duvessa (D:4)
  2 orc warriors
  A necrophage (D:3)
  2 phantoms
  4 ogres
  5 centaurs
  A big kobold (D:8)
  3 bullfrogs
  Blork the orc (D:3)
  Dowan (D:4)
  A scorpion (D:7)
  A water moccasin skeleton (D:7)
  5 howler monkeys
  6 crimson imps
  4 hounds
  A bullfrog skeleton (D:7)
  4 jellies
  2 centaur skeletons
  2 gnoll shamans
  2 orc priests
  10 orc wizards
  2 iguanas (D:5)
  4 worker ants
  A hound zombie (D:5)
  A hound skeleton (D:4)
  Robin (D:4)
  13 gnolls
  19 adders
  2 oozes
  An adder skeleton (D:6)
  2 adder zombies
  2 worms
  2 dart slugs (D:1)
  6 leopard geckos
  26 orcs
  4 ball pythons
  8 giant cockroaches
  21 goblins
  14 hobgoblins
  16 jackals
  11 kobolds
  5 quokkas
  6 bats
  4 frilled lizards
  A leopard gecko zombie (D:8)
  2 quokka skeletons (D:5)
  9 rats
246 creatures vanquished.

Notes
Turn   | Place    | Note
-------+----------+-------------------------------------------
     0 | D:1      | slep the Demonspawn Monk began the quest for the Orb.
     0 | D:1      | Reached XP level 1. HP: 18/18 MP: 1/1
   343 | D:1      | Gained mutation: You have sharp toenails. [demonic ancestry]
   343 | D:1      | Reached XP level 2. HP: 24/24 MP: 2/2
   708 | D:1      | Reached XP level 3. HP: 28/29 MP: 3/3
  1462 | D:2      | Gained mutation: You are slightly more attuned to the shadows. [demonic ancestry]
  1462 | D:2      | Reached XP level 4. HP: 6/35 MP: 4/4
  2192 | D:2      | Gained mutation: You are partially covered in sharp spines. [demonic ancestry]
  2192 | D:2      | Reached XP level 5. HP: 19/41 MP: 5/5
  2871 | D:3      | Gained mutation: You are significantly more attuned to the shadows. [demonic ancestry]
  2871 | D:3      | Reached XP level 6. HP: 40/48 MP: 6/6
  2880 | D:3      | Noticed Grinder
  2881 | D:4      | Noticed Pikel
  2881 | D:4      | Noticed a slave
  2881 | D:4      | Noticed a slave
  2881 | D:4      | Noticed a slave
  2881 | D:4      | Noticed a slave
  3092 | D:4      | Noticed Duvessa
  3093 | D:4      | Noticed Dowan
  3103 | D:4      | Killed Duvessa
  3103 | D:4      | Reached skill level 1 in Polearms
  3105 | D:4      | Killed Dowan
  3105 | D:4      | Reached skill level 1 in Armour
  3144 | D:4      | Found Siseih's Assorted Antiques.
  3184 | D:4      | Gained mutation: You have razor-sharp toenails. [demonic ancestry]
  3184 | D:4      | Reached XP level 7. HP: 37/54 MP: 7/7
  3303 | D:4      | Noticed Robin
  3305 | D:4      | Killed Robin
  3336 | D:4      | Got a pitted helmet
  3342 | D:4      | Identified the +4 helmet "Exzyoj" {*Drain rElec MP+9 Int+10} (You took it off Robin on level 4 of the Dungeon)
  3503 | D:4      | Killed Pikel
  3503 | D:4      | Gained mutation: You are completely attuned to the shadows. [demonic ancestry]
  3503 | D:4      | Reached XP level 8. HP: 61/61 MP: 8/8
  3952 | D:3      | Noticed Blork the orc
  3960 | D:3      | Killed Blork the orc
  3966 | D:3      | Found a deep blue altar of Sif Muna.
  4161 | D:5      | Entered Level 5 of the Dungeon
  4176 | D:5      | Reached skill level 5 in Polearms
  4265 | D:5      | Reached skill level 5 in Fighting
  4612 | D:5      | Found a staircase to the Ecumenical Temple.
  4618 | Temple   | Entered the Ecumenical Temple
  4772 | Temple   | Became a worshipper of Warmaster Okawaru
  4772 | Temple   | Reached * piety under Okawaru
  4772 | Temple   | Reached ** piety under Okawaru
  4887 | D:5      | Reached skill level 5 in Stealth
  5078 | D:5      | Reached XP level 9. HP: 68/68 MP: 9/9
  5797 | D:6      | Got a smoking battleaxe
  5798 | D:6      | Identified the cursed +0 battleaxe of Neapegam {elec, rElec rC+ Dex+2 Stlth+} (You found it on level 6 of the Dungeon)
  6052 | D:6      | Reached skill level 1 in Axes
  6084 | D:6      | Found a radiant altar of Vehumet.
  6084 | D:6      | Found a glowing golden altar of the Shining One.
  6240 | D:6      | Reached *** piety under Okawaru
  6251 | D:7      | Reached skill level 5 in Dodging
  6283 | D:7      | Found Quotauma's Antique Weapon Emporium.
  7209 | D:7      | Noticed Menkaure
  7212 | D:7      | Killed Menkaure
  7358 | D:8      | Reached **** piety under Okawaru
  7358 | D:8      | Reached XP level 10. HP: 65/76 MP: 10/10
  7584 | D:8      | Noticed a two-headed ogre
  7597 | D:8      | Noticed a two-headed ogre
  7597 | D:8      | Reached skill level 1 in Maces & Flails
  7608 | D:8      | Mangled by a two-headed ogre

Vault maps used:
D:1:      saegor_arrival_simple_d
D:2:      minmay_snake_closets
D:3:      tgw_sif, uniq_grinder
D:4:      serial_shops, shop, first_bread, hex_medium, uniq_duvessa, uniq_pikel,
          uniq_robin
D:5:      cheibrodos_fzero, temple_green, uniq_blork_the_orc
D:6:      gammafunk_temple_overflow_pools, minmay_misc_feat_alley
D:7:      serial_shops, nicolae_shop_competitors_out_of_business,
          minmay_misc_feat_rows, minmay_item_behind_shaft, uniq_menkaure
D:8:      lemuel_doored_altar, kennysheep_mini_moat, the_bakery
Temple:   regret_index_temple_mists

Skill      XL: |  1  2  3  4  5  6  7  8  9 10 |
---------------+-------------------------------+-----
Dodging        | 3 4 5 |  5.1
Long Blades    | 3 4 |  4.2
Stealth        | 2 3 4 5 6 |  6.4
Fighting       | 4 5 6 |  6.0
Polearms       | 1 4 6 |  6.9
Armour         | 1 2 3 4 |  4.5
Axes           | 4 |  4.8
Maces & Flails | 1 |  1.0
Throwing       | |  0.1

Action                   |  1- 3 |  4- 6 |  7- 9 | 10-12 || total
-------------------------+-------+-------+-------+-------++-------
Melee: Falchion          |   106 |    71 |       |       ||   177
       Kick              |    16 |    35 |    17 |       ||    68
       Halberd           |       |    57 |   156 |       ||   213
       Battleaxe         |       |       |    74 |     2 ||    76
       Mace              |       |       |       |    49 ||    49
Throw: Tomahawk          |       |     1 |       |     2 ||     3
Evoke: Wand              |       |       |       |     1 ||     1
  Use: Scroll            |       |     4 |       |     2 ||     6
       Potion            |       |       |     3 |       ||     3
 Stab: Sleeping          |    12 |     6 |    27 |       ||    45
       Distracted        |       |       |     4 |       ||     4
  Eat: Chunk             |     2 |     6 |    15 |     2 ||    25
Armor: Robe              |    32 |     7 |       |       ||    39
       Ring mail         |       |    10 |    61 |    11 ||    82
       Scale mail        |       |       |    42 |     1 ||    43
Dodge: Dodged            |    71 |    99 |   100 |    35 ||   305
       Deflected         |       |       |     1 |       ||     1
       Rpst.: Falchion   |    22 |    15 |       |       ||    37

Table legend:
 A = Spawn XP
 B = Non-spawn XP
 C = Spawn XP percentage of total XP
 D = Spawn monster count
 E = Non-spawn monster count
 F = Spawn count percentage of total count
 G = Total turns spent on level
                    A         B        C        D         E        F      G
               +---------+---------+-------+---------+---------+-------+---------
         Total |       0 |    6269 |   0.0 |       0 |     246 |   0.0 |  7608
               +---------+---------+-------+---------+---------+-------+---------
           D:1 |       0 |      62 |   0.0 |       0 |      31 |   0.0 |   975
           D:2 |       0 |     219 |   0.0 |       0 |      36 |   0.0 |  1697
           D:3 |       0 |     499 |   0.0 |       0 |      41 |   0.0 |   598
           D:4 |       0 |    1078 |   0.0 |       0 |      27 |   0.0 |   891
           D:5 |       0 |    1243 |   0.0 |       0 |      38 |   0.0 |  1268
           D:6 |       0 |     947 |   0.0 |       0 |      18 |   0.0 |   619
           D:7 |       0 |    1082 |   0.0 |       0 |      27 |   0.0 |  1082
           D:8 |       0 |    1139 |   0.0 |       0 |      28 |   0.0 |   281
               +---------+---------+-------+---------+---------+-------+---------
